 Dungeon Crawl Stone Soup version 0.20-a0-350-ga83eecc (webtiles) character file.

2172 snakesoul the Basher (level 9, -7/57 HPs)
             Began as a Gargoyle Fighter on Dec 24, 2016.
             Mangled by an ogre
             ... wielding a +0 giant club
              (16 damage)
             ... on level 7 of the Dungeon.
             The game lasted 00:09:56 (6551 turns).

snakesoul the Basher (Gargoyle Fighter)             Turns: 6551, Time: 00:09:57

Health: -7/57      AC: 14    Str: 20    XL:     9   Next: 32%
Magic:  9/9        EV:  6    Int:  9    God:
Gold:   259        SH: 11    Dex: 12    Spells: 8/8 levels left

rFire  . . .     SeeInvis .     a - +0 flail
rCold  . . .     Gourm    .     s - +0 chain mail
rNeg   + . .     Faith    .     c - +0 shield
rPois  ∞         Spirit   .     (no helmet)
rElec  +         Reflect  .     (no cloak)
rCorr  .         Harm     .     (no gloves)
MR     .....                    (no boots)
Stlth  ..........               (no amulet)
                                (no ring)
                                (no ring)

@: no status effects
A: negative energy resistance 1, electricity resistance, unbreathing,
petrification resistance, rot immunity, AC +5
a: no special abilities


You were on level 7 of the Dungeon.
You were hungry.

You visited 2 branches of the dungeon, and saw 8 of its levels.

You collected 259 gold pieces.

Inventory:

Hand Weapons
 a - a +0 flail (weapon)
Missiles
 v - 7 steel tomahawks (quivered)
 H - 4 tomahawks
Armour
 b - a +0 scale mail
 c - a +0 shield (worn)
 j - a +0 large shield
 s - a +0 chain mail (worn)
 G - a +0 large shield
Wands
 A - a wand of polymorph (15/24)
 B - a wand of iceblast (4/15)
 E - a wand of acid (4/15)
Scrolls
 e - 3 scrolls of recharging {unknown}
 h - a scroll of immolation {unknown}
 k - 3 scrolls of teleportation {unknown}
 l - 5 scrolls of remove curse
 n - 2 scrolls of fog {unknown}
 p - a scroll of enchant weapon {unknown}
 r - 3 scrolls of random uselessness {unknown}
 t - 5 scrolls of identify {unknown}
 u - a scroll of blinking {unknown}
 y - 2 scrolls of enchant armour {unknown}
 z - 2 scrolls of fear {unknown}
 F - a scroll of amnesia {unknown}
Potions
 d - 2 potions of might
 g - 2 potions of magic {unknown}
 i - 2 potions of curing {unknown}
 m - a potion of resistance {unknown}
 w - a potion of lignification {unknown}
 x - 2 potions of heal wounds {unknown}
 C - 2 potions of degeneration {unknown}
 J - a potion of ambrosia {unknown}
Books
 D - a book of Flames

   Spells                             Type                      Level
   a - Flame Tongue                   Conjuration/Fire             1
   b - Throw Flame                    Conjuration/Fire             2
   c - Conjure Flame                  Conjuration/Fire             3
   d - Inner Flame                    Hexes/Fire                   3
   e - Sticky Flame                   Conjuration/Fire             4
   f - Fireball                       Conjuration/Fire             5
 I - a book of Party Tricks

   Spells                             Type                      Level
   a - Summon Butterflies             Summoning                    1
   b - Apportation                    Translocation                1
   c - Lesser Beckoning               Translocation                3
   d - Tukima's Dance                 Hexes                        3
   e - Alistair's Intoxication        Transmutation/Poison         5
   f - Invisibility                   Hexes                        6
Comestibles
 f - 2 bread rations
 o - 4 meat rations
 q - a slice of pizza


   Skills:
 + Level 7.3 Fighting
 * Level 8.7 Maces & Flails
 - Level 3.2 Armour
 + Level 7.5 Shields


You had 8 spell levels left.
You didn't know any spells.

Dungeon Overview and Level Annotations

Branches:
Dungeon (7/15)             Temple (1/1) D:7

Altars:
Ashenzari
Cheibriados
Dithmenos
Elyvilon
Gozag
Hepliaklqana
Kikubaaqudgha
Nemelex Xobeh
Qazlal
Ru
Sif Muna
Trog
Uskayaw
Vehumet
Xom
Yredelemnul
Zin
The Shining One

Shops:
D:4 *   D:7 !


Innate Abilities, Weirdness & Mutations

You are resistant to torment.
Your stone body is resilient. (AC +5)
You are immune to poison.
You resist negative energy. (rN+)
You are resistant to electric shocks. (rElec)
You can survive without breathing.
You are immune to petrification.
You are immune to rotting.


Message History

Found 23 stones.
Found a leather armour.
Found Kaim's Distillery.
There is an open door here.
There is an entrance to Kaim's Distillery here.
Found a pair of gloves.
You open the door.
An ogre comes into view. It is wielding a giant club.
The ogre shouts!
Found a pair of boots.
There is an open door here.
Found a club.
The ogre hits you with a giant club!!
You closely miss the ogre. The ogre hits you with a giant club!!
* * * LOW HITPOINT WARNING * * *
You are too injured to fight recklessly!
You are too injured to fight recklessly!
You sock the ogre!
The ogre is moderately wounded.
The ogre hits you with a giant club!
You die...

..... ..# #...# ...#
.......[#...###...#
........#..........
........#........).
........#..........
........#..........
........#.@O[......
........#'#########
############............#
....#......#............#
....#......#............#
....#......#............#
....##.....#............#
....##.....#............#
...........#........[...#


You could see an ogre.

Vanquished Creatures
  The ghost of Roxy the Slasher, a novice FoFi (D:4)
  Grinder (D:5)
  A wyvern (D:6)
  A phantom (D:4)
  A necrophage (D:4)
  A centaur (D:5)
  2 ogres (D:4)
  2 big kobolds (D:4)
  A bullfrog (D:6)
  A scorpion (D:4)
  A howler monkey (D:6)
  A crimson imp (D:7)
  A bullfrog zombie (D:5)
  A centaur zombie (D:6)
  A centaur skeleton (D:6)
  3 hounds
  A jelly (D:5)
  A gnoll shaman (D:4)
  An orc priest (D:6)
  An iguana (D:6)
  6 orc wizards
  3 worker ants
  4 gnolls (D:4)
  6 adders
  2 shadow imps
  An ooze (D:5)
  2 adder zombies
  4 worms
  5 dart slugs
  5 leopard geckos
  14 orcs
  2 gnoll zombies (D:4)
  9 hobgoblins
  23 jackals
  12 kobolds
  2 quokkas (D:5)
  2 ball pythons
  7 bats
  5 frilled lizards
  9 goblins
  A jackal skeleton (D:4)
  A leopard gecko skeleton (D:4)
  9 rats
158 creatures vanquished.

Notes
Turn   | Place    | Note
-------+----------+-------------------------------------------
     0 | D:1      | snakesoul the Gargoyle Fighter began the quest for the Orb.
     0 | D:1      | Reached XP level 1. HP: 14/14 MP: 1/1
    94 | D:1      | Reached XP level 2. HP: 19/19 MP: 2/2
   377 | D:1      | Reached XP level 3. HP: 23/23 MP: 3/3
   691 | D:1      | Reached skill level 3 in Maces & Flails
  1016 | D:2      | Reached XP level 4. HP: 29/29 MP: 4/4
  1778 | D:3      | Reached XP level 5. HP: 33/33 MP: 5/5
  1993 | D:3      | You fall through a shaft for 3 floors!
  2180 | D:5      | Entered Level 5 of the Dungeon
  2191 | D:5      | Reached skill level 4 in Maces & Flails
  2323 | D:5      | Noticed a phantom
  2943 | D:4      | Killed a phantom
  2943 | D:4      | Reached XP level 6. HP: 31/40 MP: 6/6
  3014 | D:4      | Found Zin's Purification Station.
  3019 | D:4      | Found a glowing silver altar of Zin.
  3171 | D:4      | Noticed Roxy's ghost (novice FoFi)
  3212 | D:4      | Reached skill level 5 in Fighting
  3228 | D:4      | Reached skill level 5 in Maces & Flails
  3228 | D:4      | Reached skill level 5 in Shields
  3228 | D:4      | Reached XP level 7. HP: 41/44 MP: 7/7
  3240 | D:4      | Killed Roxy's ghost
  3240 | D:4      | Reached skill level 6 in Maces & Flails
  3533 | D:4      | Reached XP level 8. HP: 16/51 MP: 8/8
  3867 | D:4      | Found a sacrificial altar of Ru.
  4312 | D:4      | Reached skill level 7 in Maces & Flails
  4360 | D:4      | Found a basalt altar of Yredelemnul.
  5007 | D:5      | Noticed Grinder
  5013 | D:5      | Paralysed by Grinder for 2 turns
  5027 | D:5      | Killed Grinder
  5145 | D:5      | Reached skill level 8 in Maces & Flails
  5338 | D:5      | Reached XP level 9. HP: 56/56 MP: 9/9
  5540 | D:5      | Found a deep blue altar of Sif Muna.
  5716 | D:6      | Found a snail-covered altar of Cheibriados.
  6265 | D:7      | Found a staircase to the Ecumenical Temple.
  6365 | Temple   | Entered the Ecumenical Temple
  6532 | D:7      | Found Kaim's Distillery.
  6551 | D:7      | Mangled by an ogre

Vault maps used:
D:1:      nicolae_arrival_washed_ashore, serial_bayou_pond_b
D:4:      cheibrodos_thug_alley, kennysheep_little_box, zin_purify,
          lemuel_zombie_altar_yredelemnul
D:5:      led_sif_pool, first_bread, uniq_grinder
D:6:      lemuel_doored_altar
D:7:      serial_shops, shop
Temple:   cyrus_circular_temple

Skill      XL: |  1  2  3  4  5  6  7  8  9 |
---------------+----------------------------+-----
Maces & Flails | 3 4 5 6 8 |  8.7
Shields        | 4 5 7 |  7.5
Fighting       | 4 5 6 7 |  7.3
Armour         | |  3.2

Action                   |  1- 3 |  4- 6 |  7- 9 || total
-------------------------+-------+-------+-------++-------
Melee: Flail             |   138 |   235 |   413 ||   786
  Use: Scroll            |       |       |     1 ||     1
  Eat: Chunk             |       |     8 |    11 ||    19
Armor: Scale mail        |    88 |    72 |       ||   160
       Chain mail        |       |   104 |   191 ||   295
Dodge: Dodged            |    45 |    92 |    80 ||   217
Block: Shield            |    94 |   143 |   208 ||   445
